 Dungeon Crawl Stone Soup version 0.29-a0-307-gecccbbdb84 (webtiles) character file.

Game seed: 9170942726949735288

320 Dabor the Vexing (level 6, 0/47 HPs)
             Began as a Gnoll Arcane Marksman on Mar 27, 2022.
             Was a Follower of Ashenzari.
             Slain by a centaur (2 damage)
             ... on level 3 of the Dungeon.
             The game lasted 00:05:48 (3314 turns).

Dabor the Vexing (Gnoll Arcane Marksman)            Turns: 3314, Time: 00:05:48

Health: 0/47       AC:  6    Str: 12    XL:     6   Next: 46%
Magic:  8/11       EV: 14    Int: 12    God:    Ashenzari [*.....]
Gold:   71         SH:  0    Dex: 12    Spells: 10/11 levels left

rFire   + . .      SeeInvis .   a - +0 shortbow
rCold   . . .      Faith    .   (shield currently unavailable)
rNeg    . . .      Spirit   .   m - +2 robe of Star-Bound Wisdom {rF+, Cun, Elem} (curse)
rPois   .          Reflect  .   e - +0 helmet "All-seeing Incredulity" {Fort, Cun} (curse)
rElec   .          Harm     .   (no cloak)
rCorr   .          Rampage  .   d - +0 pair of gloves
Will    .....                   (no boots)
Stlth   ++........              (no amulet)
HPRegen 0.15/turn               (no ring)
MPRegen 0.12/turn               (no ring)

@: no status effects
A: fangs 1, strong nose, distributed training
a: Renounce Religion, Shatter the Chains


You were on level 3 of the Dungeon.
You worshipped Ashenzari.
Ashenzari was aware of your devotion.
You visited 1 branch of the dungeon, and saw 3 of its levels.

You collected 141 gold pieces.
You spent 70 gold pieces at shops.

Inventory:

Hand Weapons
 a - a +0 shortbow (weapon)
 n - a +1 vorpal flail
Missiles
 o - a throwing net
Armour
 d - a +0 pair of gloves (worn)
 e - the cursed +0 helmet "All-seeing Incredulity" (worn) {Fort, Cun}
   (You found it on level 1 of the Dungeon)

   It has a curse which improves the following skills: Fortitude: Armour and
   Shields.
   Cunning:   Dodging and Stealth.
 g - +0 gold dragon scales
 m - the cursed +2 robe of Star-Bound Wisdom (worn) {rF+, Cun, Elem}
   (You took it off Sigmund on level 2 of the Dungeon)

   It has a curse which improves the following skills: Cunning: Dodging and
   Stealth.
   Elements:  Fire Magic, Ice Magic, Air Magic and Earth Magic.
Scrolls
 f - a scroll of enchant armour
 i - a scroll of enchant weapon
 k - a scroll of teleportation
Potions
 h - 2 potions of curing
 j - a potion of might


   Skills:
 + Level 3.2 Fighting
 + Level 2.0 Short Blades
 + Level 2.0 Long Blades
 + Level 2.0 Axes
 + Level 2.0 Maces & Flails
 + Level 2.0 Polearms
 + Level 2.0 Staves
 + Level 2.0 Slings
 + Level 5.0 Bows
 + Level 2.0 Crossbows
 + Level 2.0 Throwing
 + Level 2.0(2.6) Armour
 + Level 5.0(6.3) Dodging
 + Level 2.0(3.0) Stealth
 + Level 2.0(2.6) Shields
 + Level 2.0 Unarmed Combat
 + Level 3.4 Spellcasting
 + Level 1.5 Conjurations
 + Level 5.6 Hexes
 + Level 1.5 Summonings
 + Level 1.5 Necromancy
 + Level 1.5 Translocations
 + Level 1.5 Transmutations
 + Level 1.5(2.2) Fire Magic
 + Level 1.5(2.2) Ice Magic
 + Level 1.5(2.2) Air Magic
 + Level 1.5(2.2) Earth Magic
 + Level 1.5 Poison Magic
 + Level 2.2 Invocations
 + Level 2.0 Evocations


You had 10 spell levels left.
You knew the following spells:

 Your Spells              Type           Power      Damage    Failure   Level
a - Slow                  Hex            60%        N/A       2%          1

Your spell library contained the following spells:

 Spells                   Type           Power      Damage    Failure   Level
 Beastly Appendage        Tmut           10%        N/A       12%         1
 Inner Flame              Hex/Fire       11%        N/A       14%         3
 Corpse Rot               Necr/Air       12%        N/A       16%         2
 Portal Projectile        Hex/Tloc       20%        N/A       16%         3
 Wereblood                Tmut           5%         N/A       19%         2
 Cause Fear               Hex            7%         N/A       22%         4
 Call Canine Familiar     Summ           5%         N/A       36%         3
 Spider Form              Tmut/Pois      5%         N/A       36%         3
 Leda's Liquefaction      Hex/Erth       5%         N/A       43%         4
 Dispel Undead            Necr           5%         3d7       77%         4
 Death Channel            Necr           2%         N/A       100%        6


Dungeon Overview and Level Annotations

Branches:
Dungeon (3/15)

Altars:
Ashenzari
Dithmenos
Vehumet

Shops:
D:2 !


Innate Abilities, Weirdness & Mutations

You have very sharp teeth.
Your uncanny sense of smell can sniff out nearby items.
Your experience applies equally to all skills.


Message History

The centaur shoots an arrow.
The arrow hits you!
* * * LOW HITPOINT WARNING * * *
The centaur shoots an arrow.
The arrow hits you.
* * * LOW HITPOINT WARNING * * *
Aiming: Slow (safe; 2% risk of failure)
Press: ? - help, Q - select action, (/) - cycle Shift-Dir - straight line, f/p - centaur
Aim: a centaur, wielding a +0 shortbow (moderately wounded, chance to affect: 54%)
The centaur resists with significant effort.
Shoot: a) +0 shortbow
Press: ? - help, Shift-Dir - straight line, f/p - centaur
Aim: a centaur, wielding a +0 shortbow (moderately wounded, 71% to hit)
You shoot an arrow. The arrow hits the centaur.
The centaur is heavily wounded.
The centaur unwields a +0 shortbow.
The centaur barely misses you.
The centaur kicks you but does no damage.
The centaur hits you but does no damage.
The centaur misses you.
Shoot: a) +0 shortbow
Press: ? - help, Shift-Dir - straight line, f/p - centaur
Aim: a centaur (heavily wounded, 71% to hit)
You shoot an arrow. The arrow hits the centaur.
The centaur is severely wounded.
The centaur hits you.
* * * LOW HITPOINT WARNING * * *
The centaur closely misses you. The centaur misses you.
The centaur kicks you but does no damage.
Shoot: a) +0 shortbow
Press: ? - help, Shift-Dir - straight line, f/p - centaur
Aim: a centaur (severely wounded, 71% to hit)
You shoot an arrow. The arrow barely misses the centaur.
The centaur hits you.
* * * LOW HITPOINT WARNING * * *
The centaur kicks you but does no damage.
Shoot: a) +0 shortbow
Press: ? - help, Shift-Dir - straight line, f/p - centaur
Aim: a centaur (severely wounded, 71% to hit)
You shoot an arrow. The arrow closely misses the centaur.
The centaur closely misses you.
The centaur kicks you but does no damage.
The centaur closely misses you. The centaur kicks you.
You die...

.. ### ... ..# #.. ..#
############ .###.###.#
#........[.. ..#...#..#
#........... ..._....#
#####........... #..
#..###...#........... .
##.###.c@................
...#...#..###....###.###....
..........# #....# #..######
.........## ####.# ##.....##
.##.#.#### #.####..#.... #
#. #####......###... ∆.
#......##..###..# #
###......###..#..##
..........##)....##


You could see a centaur.

Vanquished Creatures
  Sigmund (D:2)
  An orc wizard (D:3)
  3 gnolls (D:3)
  2 adders
  2 worms
  5 dart slugs
  3 orcs (D:3)
  8 endoplasms
  3 giant cockroaches (D:1)
  5 hobgoblins
  2 jackals (D:2)
  3 quokkas (D:2)
  4 ball pythons
  5 bats
  A frilled lizard (D:2)
  4 goblins
  5 kobolds
  3 rats
60 creatures vanquished.

Vanquished Creatures (others)
  4 fungi (D:2)
  2 plants (D:2)
6 creatures vanquished.

Grand Total: 66 creatures vanquished

Notes
Turn   | Place    | Note
-------+----------+-------------------------------------------
     0 | D:1      | Dabor the Gnoll Arcane Marksman began the quest for the
                  | Orb.
     0 | D:1      | Reached XP level 1. HP: 17/17 MP: 4/4
   226 | D:1      | Reached XP level 2. HP: 23/23 MP: 5/5
   625 | D:1      | Reached XP level 3. HP: 28/28 MP: 7/7
   935 | D:2      | Noticed Sigmund
  1643 | D:2      | Found Leapn's Distillery.
  1653 | D:2      | Reached skill level 1 in Invocations
  1877 | D:2      | Reached skill level 1 in Short Blades
  1877 | D:2      | Reached skill level 1 in Long Blades
  1877 | D:2      | Reached skill level 1 in Axes
  1877 | D:2      | Reached skill level 1 in Maces & Flails
  1877 | D:2      | Reached skill level 1 in Polearms
  1877 | D:2      | Reached skill level 1 in Staves
  1877 | D:2      | Reached skill level 1 in Slings
  1877 | D:2      | Reached skill level 1 in Crossbows
  1877 | D:2      | Reached skill level 1 in Throwing
  1877 | D:2      | Reached skill level 1 in Armour
  1877 | D:2      | Reached skill level 1 in Stealth
  1877 | D:2      | Reached skill level 1 in Shields
  1877 | D:2      | Reached skill level 1 in Unarmed Combat
  1877 | D:2      | Reached skill level 1 in Evocations
  1893 | D:2      | Reached XP level 4. HP: 29/34 MP: 8/8
  1949 | D:2      | Found a faded altar of an unknown god.
  1962 | D:2      | Prayed at the altar of an unknown god.
  1962 | D:2      | Became a worshipper of Ashenzari the Shackled
  2104 | D:2      | Killed Sigmund
  2105 | D:2      | Reached skill level 1 in Conjurations
  2105 | D:2      | Reached skill level 1 in Summonings
  2105 | D:2      | Reached skill level 1 in Necromancy
  2105 | D:2      | Reached skill level 1 in Translocations
  2105 | D:2      | Reached skill level 1 in Transmutations
  2105 | D:2      | Reached skill level 1 in Fire Magic
  2105 | D:2      | Reached skill level 1 in Ice Magic
  2105 | D:2      | Reached skill level 1 in Air Magic
  2105 | D:2      | Reached skill level 1 in Earth Magic
  2105 | D:2      | Reached skill level 1 in Poison Magic
  2105 | D:2      | Reached XP level 5. HP: 20/41 MP: 8/10
  2105 | D:2      | Reached XP level 6. HP: 23/47 MP: 8/11
  2541 | D:2      | Bought a potion of heal wounds for 70 gold pieces
  2861 | D:3      | Found a shadowy altar of Dithmenos.
  3109 | D:3      | Reached * piety under Ashenzari
  3184 | D:3      | Reached skill level 5 in Bows
  3184 | D:3      | Reached skill level 5 in Dodging
  3271 | D:3      | Found a radiant altar of Vehumet.
  3313 | D:3      | HP: 2/47 [centaur (4)]
  3314 | D:3      | Slain by a centaur

Illustrated notes

Levels and vault maps discovered:
D:1:      minmay_arrival_four_houses, layout_basic, minmay_misc_feat_rows
D:2:      layout_basic, serial_shops, shop, dreamdust_ecumenical_altar_grove,
          uniq_sigmund
D:3:      layout_basic, grunt_temple_overflow_gold_and_silver, vehumet_crystals,
          nicolae_dithmenos_shadow_blocks

Skill      XL: |  1  2  3  4  5  6 |
---------------+-------------------+-----
Invocations    | 1 2 |  2.2
Short Blades   | 1 2 |  2.0
Long Blades    | 1 2 |  2.0
Axes           | 1 2 |  2.0
Maces & Flails | 1 2 |  2.0
Polearms       | 1 2 |  2.0
Staves         | 1 2 |  2.0
Slings         | 1 2 |  2.0
Crossbows      | 1 2 |  2.0
Throwing       | 1 2 |  2.0
Armour         | 1 2 |  2.0
Stealth        | 1 2 |  2.0
Shields        | 1 2 |  2.0
Unarmed Combat | 1 2 |  2.0
Evocations     | 1 2 |  2.0
Fighting       | 3 |  3.2
Spellcasting   | 3 |  3.4
Conjurations   | 1 |  1.5
Summonings     | 1 |  1.5
Necromancy     | 1 |  1.5
Translocations | 1 |  1.5
Transmutations | 1 |  1.5
Fire Magic     | 1 |  1.5
Ice Magic      | 1 |  1.5
Air Magic      | 1 |  1.5
Earth Magic    | 1 |  1.5
Poison Magic   | 1 |  1.5
Bows           | 5 |  5.0
Dodging        | 5 |  5.0
Hexes          | |  5.6

Action                   |  1- 3 |  4- 6 || total
-------------------------+-------+-------++-------
Melee: Shortbow          |       |     4 ||     4
 Fire: Shortbow          |   106 |   127 ||   233
 Cast: Slow              |     3 |    12 ||    15
Invok: Curse Item        |       |     2 ||     2
  Use: Scroll            |     2 |     3 ||     5
       Potion            |       |     1 ||     1
Armor: Robe              |     7 |    13 ||    20
Dodge: Dodged            |    24 |    52 ||    76

Table legend: (Time is in decaauts)
 A = Elapsed time spent in this place.
 B = Non-inter-level travel time spent in this place.
 C = Inter-level travel time spent in this place.
 D = Time resting spent in this place.
 E = Time spent auto-exploring this place.
 F = Levels seen in this place.
 G = Mean time per level.
                   A        B        C        D        E       F      G
               +--------+--------+--------+--------+--------+-----+--------+
         Total |   3378 |   3297 |     81 |    755 |   1997 |   3 | 1126.0 |
       Dungeon |   3378 |   3297 |     81 |    755 |   1997 |   3 | 1126.0 |
               +--------+--------+--------+--------+--------+-----+--------+

Top non-repeatable levels by time:
     D:2: 1311 daAuts
     D:3: 1184 daAuts
     D:1: 881 daAuts
